 Dungeon Crawl Stone Soup version 0.31-a0-981-geadf994542 (webtiles) character file.

Game seed: 12346244626760429097

182 Persephone the Ruffian (level 5, -5/35 HPs)
             Began as an Octopode Shapeshifter on Oct 31, 2023.
             Killed from afar by an orc wizard (12 damage)
             ... with a puff of flame
             ... on level 3 of the Dungeon.
             The game lasted 00:02:00 (1896 turns).

Persephone the Ruffian (Octopode Shapeshifter)      Turns: 1896, Time: 00:02:01

Health: -5/35      AC:  1    Str: 15    XL:     5   Next: 61%
Magic:  5/5        EV: 13    Int: 12    God:
Gold:   83         SH:  5    Dex: 12    Spells: 4/4 levels left

rFire   . .          .
                       - Unarmed
rCold   . . .        (no shield)
rNeg    . . .        (helmet currently unavailable)
rPois   .            k - amulet of reflection
rElec   .            (no ring)
rCorr   .            (no ring)
SInv    .            (no ring)
Will    .....        (no ring)
Stlth   ++           (no ring)
HPRegen 0.25/turn    (no ring)
MPRegen 0.09/turn    (no ring)
                     (no ring)

%: reflection
@: beast-form, attractive
A: beast (slay +2), almost no armour, amphibious, 8 rings, camouflage 1,
gelatinous body 1, (nimble swimmer 1), tentacles
a: Begin Untransformation


You were on level 3 of the Dungeon.
You were a hulking beast.
You visited 1 branch of the dungeon, and saw 4 of its levels.

You collected 83 gold pieces.

Inventory:

Missiles
 d - 2 throwing nets
 n - 4 poisoned darts
Jewellery
 k - an amulet of reflection (around mantle)
Talismans
 b - a beast talisman
 c - a flux talisman
Wands
 l - a wand of flame (19)
Scrolls
 e - 2 scrolls of fear {unknown}
 f - 2 scrolls of poison {unknown}
 h - a scroll of enchant weapon {unknown}
 j - a scroll of teleportation {unknown}
 m - a scroll of identify {unknown}
Potions
 a - a potion of lignification


   Skills:
 + Level 2.6 Fighting
 - Level 2.0 Dodging
 * Level 4.8 Unarmed Combat
 + Level 3.8 Shapeshifting


You had 4 spell levels left.
You didn't know any spells.
Your spell library contained the following spells:

 Spells                   Type           Power      Damage    Failure   Level
 Lesser Beckoning         Tloc           0%         N/A       45%         2
 Gell's Gravitas          Tloc           0%         N/A       69%         3
 Ozocubu's Armour         Ice            0%         N/A       69%         3
 Teleport Other           Tloc           0%         N/A       69%         3
 Passage of Golubria      Tloc           0%         N/A       97%         4
 Silence                  Hex/Air        0%         N/A       100%        5
 Ozocubu's Refrigeration  Ice            0%         4d7       100%        7
 Lehudib's Crystal Spear  Conj/Erth      0%         10d2      100%        8


Dungeon Overview and Level Annotations

Branches:
Dungeon (4/15)
 Temple: D:4-7

Altars:


Innate Abilities, Weirdness & Mutations

You are a hulking beast.
Your limbs bulge with bestial killing power. (Slay +2)
You cannot wear most types of armour.
You are amphibious.
You can wear up to eight rings at the same time.
Your skin changes colour to match your surroundings (Stealth+).
Your rubbery body absorbs attacks. (AC +1, EV +1)
((You are camouflaged when in or above water. (Stealth+)))
You have tentacles for arms and can constrict up to eight enemies at once.


Message History

You closely miss the orc wizard.
The orc wizard gestures at you while chanting.
You resist with some effort.
You bump into the rock wall.
The orc wizard hits you with a +0 dagger.
You barely miss the orc wizard.
The orc wizard hits you with a +0 dagger.
* * * LOW HITPOINT WARNING * * *
You bump into the rock wall.
The orc wizard hits you with a +0 dagger.
* * * LOW HITPOINT WARNING * * *
You tentacle-slap the orc wizard.
The orc wizard is moderately wounded.
The orc wizard closely misses you.
It was a potion of attraction.
You feel attractive to monsters. The orc wizard barely misses you.
You tentacle-slap the orc wizard.
Your tentacle-slap misses the orc wizard.
The orc wizard is heavily wounded.
You barely miss the orc wizard.
The orc wizard is heavily wounded.
You feel less confused. The orc wizard barely misses you.
You barely miss the orc wizard. Your grab misses the orc wizard.
Your squeeze misses the orc wizard.
The orc wizard is heavily wounded.
The orc wizard gestures wildly while chanting.
The orc wizard flickers and vanishes!
Deactivating autopickup; reactivate with Ctrl-A.
It was a potion of curing.
You feel better.
You hear some strange, mumbled words.
A magic dart appears from out of thin air!
The magic dart hits you!
* * * LOW HITPOINT WARNING * * *
You miss something.
You hear some strange, mumbled words.
A puff of flame appears from out of thin air!
The puff of flame hits you!
You die...

#.##........
#.##......##
#.##......))
#.##......## #.##......#
#.#.....#.## #
#....>......
#####.#######........###
......{h.............
.####.######.<......# #
#.###...## #.# #### #.#
#.# ... #..


There were no monsters in sight!

Vanquished Creatures
  2 orc priests (D:3)
  An orc wizard (D:3)
  2 adders
  2 worms (D:2)
  4 orcs (D:3)
  7 bats
  4 endoplasms
  4 giant cockroaches
  3 goblins (D:2)
  7 hobgoblins
  4 jackals (D:1)
  3 quokkas
  6 ball pythons
  5 frilled lizards
  7 kobolds
  5 rats
66 creatures vanquished.

Notes
Turn   | Place    | Note
-------+----------+-------------------------------------------
     0 | D:1      | Persephone the Octopode Shapeshifter began the quest for
                  | the Orb.
     0 | D:1      | Reached XP level 1. HP: 13/13 MP: 1/1
   151 | D:1      | Reached XP level 2. HP: 18/18 MP: 2/2
   329 | D:1      | Found a faded altar of an unknown god.
   518 | D:1      | Reached XP level 3. HP: 23/23 MP: 3/3
   944 | D:2      | You fall into a shaft and drop 2 floors!
  1180 | D:2      | Reached XP level 4. HP: 28/29 MP: 4/4
  1237 | D:2      | Reached skill level 4 in Unarmed Combat
  1808 | D:3      | Reached XP level 5. HP: 34/34 MP: 5/5
  1896 | D:3      | Killed from afar by an orc wizard

Illustrated notes

Levels and vault maps discovered:
D:1:      ncdulo_smallfort, layout_loops_ring, ebering_ecumenical_altar_rust,
          minmay_box_of_dots
D:2:      minmay_evil_eye, layout_loops_ring
D:3:      layout_loops_ring, minmay_quantized
D:4:      layout_basic, ebering_ghost_reflecting_pool

Skill      XL: |  1  2  3  4 |
---------------+-------------+-----
Unarmed Combat | 4 |  4.8
Fighting       | 2 |  2.6
Dodging        | |  2.0
Shapeshifting  | |  3.8

Action                     |  1- 3 |  4- 6 || total
---------------------------+-------+-------++-------
  Melee: Unarmed           |    72 |    63 ||   135
         Tentacles         |    14 |     8 ||    22
         Constrict         |    18 |    10 ||    28
         Punch             |     2 |     1 ||     3
    Use: Potion            |       |     2 ||     2
   Stab: Sleeping          |     4 |     5 ||     9
 Armour: Skin              |    21 |    23 ||    44
  Dodge: Dodged            |    41 |    20 ||    61
  Block: Other             |     4 |     9 ||    13

Table legend: (Time is in decaauts)
 A = Elapsed time spent in this place.
 B = Non-inter-level travel time spent in this place.
 C = Inter-level travel time spent in this place.
 D = Time resting spent in this place.
 E = Time spent auto-exploring this place.
 F = Levels seen in this place.
 G = Mean time per level.
                   A        B        C        D        E       F      G
               +--------+--------+--------+--------+--------+-----+--------+
         Total |   1885 |   1750 |    135 |      0 |   1396 |   4 |  471.2 |
       Dungeon |   1885 |   1750 |    135 |      0 |   1396 |   4 |  471.2 |
               +--------+--------+--------+--------+--------+-----+--------+

Top non-repeatable levels by time:
     D:2: 863 daAuts
     D:1: 792 daAuts
     D:3: 133 daAuts
     D:4: 96 daAuts
